 Dungeon Crawl Stone Soup version 0.29.1-2-gbd0b4ee654 (webtiles) character file.

Game seed: 9748162312858119339

179161 wingedge the Arsonist (level 16, -11/137 HPs)
             Began as a Demigod Earth Elementalist on Nov 29, 2022.
             Engulfed by a cloud of flame (31 damage)
             ... on level 2 of the Swamp on Dec 1, 2022.
             The game lasted 03:41:48 (43690 turns).

wingedge the Arsonist (Demigod Earth Elementalist) Turns: 43690, Time: 03:41:49

Health: -11/137    AC: 14    Str:  8 (9)  XL:     16   Next: 74%
Magic:  0/36       EV: 20    Int: 31      God:
Gold:   1359       SH: 16    Dex: 23 (25) Spells: 0/37 levels left

rFire   . . .      SeeInvis .   c - +6 long sword (elec)
rCold   + . .      Faith    .   z - +4 kite shield
rNeg    . . .      Spirit   .   M - +2 robe {Will+}
rPois   .          Reflect  .   d - +2 helmet
rElec   .          Harm     .   E - +1 cloak
rCorr   .          Rampage  .   x - +1 pair of gloves
Will    ++...                   w - +1 pair of boots of the Amoeba {Int+2 Dex+3 Stlth+}
Stlth   +++.......              P - amulet of magic regeneration
HPRegen 0.32/turn               n - ring of flight
MPRegen 0.65/turn               v - ring of protection from cold

@: flying
A: high MP 1, forlorn, divine attributes
}: 1/15 runes: gossamer
a: no special abilities


You were on level 2 of the Swamp.
You visited 5 branches of the dungeon, and saw 28 of its levels.
You also visited: Sewer and Ossuary.

You collected 2937 gold pieces.
You spent 1578 gold pieces at shops.

Inventory:

Hand Weapons
 a - the +7 mace of Dim Light {flame, rCorr Int+5 Dex+5}
   (You found it on level 5 of the Dungeon)

   It burns those it strikes, dealing additional fire damage.
   Int:       It affects your intelligence (+5).
   Dex:       It affects your dexterity (+5).
   rCorr:     It protects you from acid and corrosion.
 b - the +8 whip "Snakebite" {venom, curare, rPois}
   (You bought it in a shop on level 4 of the Dungeon)

   It poisons the flesh of those it strikes.
   It occasionally inflicts asphyxiating poison on those it strikes, dealing
   poison damage and causing slowness.
   rPois:     It protects you from poison.
 c - a +6 long sword of electrocution (weapon)
Missiles
 U - 2 throwing nets
Armour
 d - a +2 helmet (worn)
 w - the +1 pair of boots of the Amoeba (worn) {Int+2 Dex+3 Stlth+}
   (You found it on level 4 of the Spider Nest)

   Int:       It affects your intelligence (+2).
   Dex:       It affects your dexterity (+3).
   Stlth:     It makes you more stealthy.
 x - a +1 pair of gloves (worn)
 z - a +4 kite shield (worn)
 E - a +1 cloak (worn)
 M - a +2 robe of willpower (worn)
Jewellery
 k - a ring of see invisible
 l - a ring of protection from fire
 n - a ring of flight (left hand)
 v - a ring of protection from cold (right hand)
 B - a +6 ring of dexterity
 K - a +4 ring of protection
 P - an amulet of magic regeneration (around neck)
 S - an amulet of the acrobat
 T - a +6 ring of intelligence
 Y - a ring of positive energy
Wands
 r - a wand of light (17) (quivered)
 t - a wand of digging (4)
 N - a wand of paralysis (23)
 V - a wand of mindburst (10)
 X - a wand of roots (8)
Scrolls
 g - a scroll of brand weapon
 i - 2 scrolls of poison
 m - 2 scrolls of torment
 p - 5 scrolls of vulnerability
 q - 8 scrolls of immolation
 y - 12 scrolls of teleportation
 F - 3 scrolls of fear
 G - 6 scrolls of magic mapping
 L - 3 scrolls of blinking
 Q - 5 scrolls of amnesia
 R - 3 scrolls of summoning
 W - 2 scrolls of fog
 Z - 2 scrolls of enchant armour
Potions
 e - 4 potions of magic
 f - a potion of heal wounds
 j - 7 potions of ambrosia
 o - 3 potions of invisibility
 s - 3 potions of resistance
 A - 2 potions of cancellation
 C - 6 potions of curing
 D - 9 potions of mutation
 H - 5 potions of might
 I - 3 potions of haste
 J - 3 potions of brilliance
 O - 3 potions of berserk rage
Miscellaneous
 h - a phial of floods
 u - a condenser vane


   Skills:
 - Level 11.0 Fighting
 - Level 4.0 Long Blades
 - Level 5.1 Maces & Flails
 + Level 4.5 Armour
 - Level 11.0 Dodging
 - Level 2.0 Stealth
 - Level 8.0 Shields
 - Level 11.0 Spellcasting
 + Level 11.5 Conjurations
 - Level 7.0 Hexes
 - Level 2.0 Translocations
 - Level 6.0 Transmutations
 - Level 12.0 Fire Magic
 - Level 6.0 Earth Magic
 - Level 3.0 Evocations


You couldn't memorise any spells.
You knew the following spells:

 Your Spells              Type           Power      Damage    Failure   Level
a - Flame Wave            Conj/Fire      74%        2d16      1%          4
b - Stone Arrow           Conj/Erth      100%       3d13      1%          3
c - Wereblood             Tmut           53%        N/A       1%          2
d - Fireball              Conj/Fire      37%        3d15      1%          5
e - Confusing Touch       Hex            57%        N/A       1%          3
f - Tukima's Dance        Hex            57%        N/A       1%          3
g - Blink                 Tloc           58%        N/A       4%          2
h - Leda's Liquefaction   Hex/Erth       27%        N/A       4%          4
i - Yara's Violent Unrav  Hex/Tmut       27%        3d12      14%         5
j - Starburst             Conj/Fire      37%        6d11      9%          6

Your spell library contained the following spells:

 Spells                   Type           Power      Damage    Failure   Level
 Beastly Appendage        Tmut           100%       N/A       1%          1
 Foxfire                  Conj/Fire      100%       2x1d9     1%          1
 Sandblast                Erth           100%       2d20      1%          1
 Passwall                 Tmut/Erth      44%        N/A       1%          2
 Scorch                   Fire           100%       2d10      1%          2
 Conjure Flame            Conj/Fire      74%        6-21      1%          3
 Inner Flame              Hex/Fire       66%        N/A       1%          3
 Ensorcelled Hibernation  Hex/Ice        76%        N/A       2%          2
 Portal Projectile        Hex/Tloc       90%        N/A       3%          3
 Spider Form              Tmut/Pois      35%        N/A       6%          3
 Petrify                  Tmut/Erth      53%        N/A       6%          4
 Necrotise                Necr           68%        1d7       7%          1
 Summon Small Mammal      Summ           68%        N/A       7%          1
 Gell's Gravitas          Tloc           29%        N/A       10%         3
 Lesser Beckoning         Tloc           29%        N/A       10%         3
 Teleport Other           Tloc           29%        N/A       10%         3
 Anguish                  Hex/Necr       19%        N/A       17%         4
 Call Canine Familiar     Summ           17%        N/A       22%         3
 Passage of Golubria      Tloc           29%        N/A       30%         4
 Manifold Assault         Tloc           29%        N/A       65%         5
 Enfeeble                 Hex            28%        N/A       98%         7
 Ignition                 Fire           37%        3d11      98%         8
 Dispersal                Tloc           14%        N/A       99%         6
 Summon Cactus Giant      Summ           8%         N/A       100%        6
 Haunt                    Necr/Summ      8%         N/A       100%        7
 Storm Form               Tmut/Air       17%        N/A       100%        7
 Summon Hydra             Summ           8%         N/A       100%        7


Dungeon Overview and Level Annotations

Branches:
Dungeon (15/15)            Temple (0/1) D:5            Lair (5/5) D:8
  Swamp (2/4) Lair:3       Spider (4/4) Lair:2        Slime (0/5) Lair:4
    Orc (2/2) D:11            Elf (0/3) Orc:2        Vaults (0/5) D:14
 Depths (0/4) D:15          Sewer (visited)         Ossuary (visited)

Shops:
D:4 (=   D:11 *   Orc:1 =   Orc:2 (([(*

Portals:
Hell: Lair:5

Annotations:
D:9 2 transporters, Grokii's ghost, novice MiFi
D:10 1 runed translucent door, LustLizard's ghost, journeyman DjAE
Lair:5 3 runed translucent doors, Gibbon's ghost, journeyman DrIE
Swamp:1 1 runed translucent door, corgi's ghost, journeyman MiHu


Innate Abilities, Weirdness & Mutations

You have an increased reservoir of magic. (+10% MP)
You shall have no god before yourself.
Your divine heritage dramatically boosts your attributes as you level up.


Message History

The dire elephant trunk-slaps you but does no damage.
You hit the dire elephant but do no damage.
The dire elephant is severely wounded.
You are engulfed in a cloud of scalding steam.
The ground is no longer liquid beneath you.
You block the dire elephant's attack. x2
You hit the dire elephant.
The dire elephant is severely wounded.
You block the dire elephant's attack. The dire elephant trunk-slaps you.
Casting: Starburst (dangerous; 9% risk of failure)
Confirm with . or Enter, or press ? or * to list all spells.
Casting: Starburst (dangerous; 9% risk of failure)
Press: ? - help, Dir - look around, f - activate The mangrove smoulders and burns. x2
The bolt of fire hits the dire elephant!
The dire elephant is almost dead.
The mangrove smoulders and burns.
You smell burning wood.
The dire elephant tramples you!
You hold your ground!
The dire elephant misses you.
Unknown command.
Unknown command.
Unknown command.
You slash the dire elephant!
The dire elephant is almost dead.
The dire elephant tramples you!
You are shoved backwards!
The dire elephant misses you. The dire elephant closely misses you.
You hit the dire elephant but do no damage.
The dire elephant is almost dead.
You are engulfed in blazing flames.
* * * LOW HITPOINT WARNING * * *
You block the dire elephant's attack.
The dire elephant trunk-slaps you but does no damage.
Casting: Starburst (dangerous; 9% risk of failure)
Confirm with . or Enter, or press ? or * to list all spells.
Aiming: Fireball (mildly dangerous; 1% risk of failure)
Press: ? - help, Shift-Dir - straight line The fireball explodes!
The fireball engulfs the dire elephant!
You kill the dire elephant!
You are engulfed in blazing flames.
You die...

♣..~.~.~~~~<♣~~§♣♣ ....♣...♣
~♣~.~~.~~~..~♣~~~♣ ♣~..§...~~~
.~♣~.....!♣♣~♣...♣ ...~..~~≈~
..~....~♣♣♣♣♣♣..~♣ .)....~..~
........♣♣♣♣♣♣♣♣♣♣♣♣..~.....[♣
.♣.......§♣♣§§♣~♣♣~♣♣~♣♣~~).♣
~~~~~.~~~~~..○§.§~♣~♣~♣~~...♣
♣.§~♣.~~~~.~♣☼.§§.P..~.~)...♣♣
♣....~~~~~~§§@†.§.....†....~~♣
~.~..~~~~~~.§..~....~.....♣♣♣♣
~..~~§~~~†~.§~.~§°♣~♣~~~~~~♣
♣♣.~~~~†~~~.~..~♣~♣♣♣~♣♣~♣♣♣
♣♣.~~....~~~.§~♣ ♣ ♣.♣ ♣.♣
♣..[.....~...♣♣ ♣♣♣ ♣♣
♣~~~~........♣ ♣.~.........♣♣
.~~....##.##..♣


There were no monsters in sight!

Vanquished Creatures
  A tentacled monstrosity (Swamp:1)
  6 emperor scorpions
  2 ghost moths (Spider:4)
  6 broodmothers
  A stone giant (D:15)
  2 eleionomae
  A bunyip (Swamp:1)
  2 dire elephants (Swamp:2)
  An entropy weaver (Spider:3)
  2 spark wasps (Spider:4)
  Josephine (Orc:1)
  13 hydras
  A vault guard (D:14)
  6 boulder beetles
  A catoblepas (Lair:4)
  A jorogumo (Spider:4)
  Erolcha (D:11)
  6 two-headed ogres
  5 centaur warriors
  2 alligators (Swamp:1)
  8 death yaks
  A spriggan berserker (Swamp:1)
  A deep elf knight (Swamp:2)
  8 pharaoh ants
  A sun demon (Lair:5)
  5 skeletal warriors
  4 goliath frogs
  A sun moth (Spider:3)
  7 steelbarb worms
  A wizard (Lair:5)
  2 swamp dragons
  7 orb spiders
  A deep elf archer (Swamp:2)
  A lindwurm (Lair:3)
  4 orc knights (Orc:2)
  4 deep elf pyromancers
  2 orc sorcerers
  2 cyclopes
  20 wolf spiders
  19 ugly things
  5 manticores
  4 moths of wrath
  6 torpor snails
  19 elephants
  2 orange demons (Lair:5)
  A smoke demon (Lair:5)
  3 gargoyles
  10 cane toads
  3 demonic crawlers
  A kobold demonologist (D:10)
  4 ice devils (Lair:5)
  9 komodo dragons
  A freezing wraith (D:14)
  Maggie (D:10)
  2 tengu conjurers
  5 rime drakes
  A bloated husk (Swamp:1)
  7 meliai
  33 tarantellas
  A wind drake (shapeshifter) (D:14)
  7 hornets
  8 blink frogs
  A raiju (Swamp:2)
  7 tyrant leeches
  3 polar bears
  6 trolls
  A blink frog (shapeshifter) (D:14)
  18 slime creatures
  6 dream sheep (Lair:4)
  20 culicivoras
  2 water elementals (D:12)
  A spriggan (shapeshifter) (D:14)
  3 spriggans (Swamp:1)
  16 jumping spiders
  Eustachio (D:5)
  4 wyverns
  A shadow (D:11)
  A vampire (D:9)
  6 basilisks
  24 yaks
  5 wraiths
  A basilisk (shapeshifter) (D:15)
  15 vampire mosquitoes
  A steam dragon (D:9)
  60 redbacks
  A warg (Orc:1)
  Menkaure (D:7)
  3 hell hounds (Lair:5)
  3 swamp worms (Swamp:1)
  2 acid dragons (D:11)
  3 water moccasins
  A swamp drake (D:8)
  29 orc warriors
  A black bear (D:6)
  7 ogres
  6 wolves (Lair:5)
  27 centaurs
  5 boggarts (D:14)
  3 phantoms
  15 kobold brigands
  A necrophage (D:5)
  8 bullfrogs
  6 gnoll sergeants
  2 scorpions
  3 wights (D:6)
  10 killer bees
  10 electric eels
  5 howler monkeys
  A centaur zombie (Ossuary)
  2 lava snakes (Lair:1)
  3 jellies (D:7)
  Crazy Yiuf (D:5)
  2 human zombies (Ossuary)
  15 orc priests
  5 hounds
  Ijyb (D:3)
  Jessica (D:3)
  25 orc wizards
  5 mummies
  21 gnolls
  11 adders
  2 river rats (Sewer)
  2 shadow imps (D:10)
  3 white imps
  2 ufetubi
  3 worms
  2 dart slugs
  83 orcs
  21 ball pythons
  6 bats
  6 endoplasms
  2 giant cockroaches
  A gnoll zombie (Ossuary)
  7 goblins
  6 hobgoblins
  7 quokkas
  5 frilled lizards
  A hobgoblin zombie (Ossuary)
  34 kobolds
  13 kobold skeletons (D:10)
  8 kobold zombies
  2 orc zombies
  39 rats
996 creatures vanquished.

Vanquished Creatures (collateral kills)
  A tengu warrior (D:14)
  An orc warrior (D:10)
  A howler monkey (D:10)
  An orc (D:9)
4 creatures vanquished.

Vanquished Creatures (others)
  A deep elf pyromancer (D:13)
  A dancing weapon (D:9)
  A redback (Spider:4)
  15 fungi
  31 plants
  4 withered plants
53 creatures vanquished.

Grand Total: 1053 creatures vanquished

Notes
Turn   | Place    | Note
-------+----------+-------------------------------------------
     0 | D:1      | wingedge the Demigod Earth Elementalist began the quest for
                  | the Orb.
     0 | D:1      | Reached XP level 1. HP: 14/14 MP: 5/5
   341 | D:1      | Reached XP level 2. HP: 20/20 MP: 5/7
   803 | D:2      | Reached skill level 1 in Conjurations
  1185 | D:2      | Reached XP level 3. HP: 26/26 MP: 8/8
  1286 | D:2      | Learned a level 3 spell: Stone Arrow
  1634 | D:3      | Noticed Jessica
  1725 | D:3      | Noticed Ijyb
  1727 | D:3      | Killed Ijyb
  2128 | D:3      | Reached XP level 4. HP: 33/33 MP: 5/9
  2444 | D:3      | Noticed a +0 spear
  2445 | D:3      | Noticed a +0 dagger
  2445 | D:3      | Noticed a +0 falchion
  2445 | D:3      | Noticed a +0 falchion
  2445 | D:3      | Noticed a +0 spear
  2448 | D:3      | Noticed a +0 short sword
  2448 | D:3      | Noticed a +0 dagger
  2448 | D:3      | Noticed a +0 short sword
  2782 | D:3      | Killed Jessica
  2932 | D:4      | Found Fujecy's Weapon Shop.
  2937 | D:4      | Reached XP level 5. HP: 36/39 MP: 3/10
  2939 | D:4      | Reached skill level 1 in Fighting
  3326 | D:4      | Found Entenual's Jewellery Shoppe.
  3791 | D:4      | Noticed an ogre
  3793 | D:4      | Killed an ogre
  3794 | D:4      | Reached skill level 1 in Transmutations
  3794 | D:4      | Reached XP level 6. HP: 50/50 MP: 4/11
  4068 | D:5      | Entered Level 5 of the Dungeon
  4385 | D:5      | Identified the +7 mace of Dim Light {flame, rCorr Int+5
                  | Dex+5}
  4396 | D:5      | Found a sand-covered staircase.
  4402 | Ossuary  | Entered an ossuary
  5229 | D:5      | Reached XP level 7. HP: 42/58 MP: 0/13
  5925 | D:5      | Noticed Eustachio
  5946 | D:5      | Killed Eustachio
  5947 | D:5      | Reached skill level 5 in Conjurations
  6203 | D:5      | Learned a level 2 spell: Wereblood
  6691 | D:5      | Reached XP level 8. HP: 66/66 MP: 5/16
  6778 | D:5      | Found a staircase to the Ecumenical Temple.
  6954 | D:5      | Found a runed translucent door.
  6955 | D:5      | Noticed Crazy Yiuf
  6959 | D:5      | Killed Crazy Yiuf
  6960 | D:5      | Reached skill level 1 in Shields
  7315 | D:6      | Reached skill level 1 in Hexes
  7392 | D:6      | Found a glowing drain.
  7408 | Sewer    | Entered a sewer
  7793 | Sewer    | Reached skill level 5 in Dodging
  8161 | D:6      | Reached skill level 5 in Fighting
  8590 | D:7      | Noticed Menkaure
  8594 | D:7      | Killed Menkaure
  8823 | D:7      | Reached XP level 9. HP: 74/74 MP: 1/18
  8961 | D:7      | Reached skill level 1 in Maces & Flails
  9278 | D:7      | You fall into a shaft and drop 2 floors!
  9599 | D:8      | Reached skill level 5 in Spellcasting
  9710 | D:8      | Reached skill level 5 in Earth Magic
  9918 | D:8      | Noticed a komodo dragon
  9930 | D:8      | Killed a komodo dragon
 10058 | D:8      | Noticed a komodo dragon
 10063 | D:8      | Noticed a komodo dragon
 10074 | D:8      | Killed a komodo dragon
 10213 | D:8      | Killed a komodo dragon
 10301 | D:8      | Found a staircase to the Lair.
 11023 | D:8      | Reached skill level 1 in Armour
 11119 | D:8      | Reached XP level 10. HP: 82/83 MP: 3/23
 11345 | D:8      | Learned a level 1 spell: Beastly Appendage
 11349 | D:8      | Learned a level 3 spell: Confusing Touch
 11353 | D:8      | Learned a level 3 spell: Tukima's Dance
 11356 | D:8      | Learned a level 2 spell: Blink
 11943 | D:9      | Noticed a fire dragon
 11945 | D:9      | Noticed Grokii's ghost (novice MiFi)
 12060 | D:9      | Noticed a two-headed ogre
 12065 | D:9      | Killed a two-headed ogre
 12066 | D:9      | Reached skill level 1 in Translocations
 12066 | D:9      | Reached skill level 1 in Evocations
 12704 | D:9      | Found a transporter.
 12707 | D:9      | Found a transporter.
 12825 | D:10     | Entered Level 10 of the Dungeon
 13079 | D:10     | Noticed Maggie
 13089 | D:10     | Killed Maggie
 13447 | D:10     | Found a runed translucent door.
 13889 | D:4      | Bought the +8 whip "Snakebite" {venom, curare, rPois} for
                  | 596 gold pieces
 13889 | D:4      | Found the +8 whip "Snakebite" {venom, curare, rPois}
 14009 | D:10     | Noticed LustLizard's ghost (journeyman DjAE)
 14145 | D:10     | Noticed a rust devil
 14157 | D:10     | Noticed a sixfirhy
 14772 | Lair:1   | Entered Level 1 of the Lair of Beasts
 14872 | Lair:1   | Noticed a seven-headed hydra
 15003 | Lair:1   | Killed a seven-headed hydra
 15004 | Lair:1   | Reached XP level 11. HP: 59/89 MP: 11/27
 15947 | Lair:1   | Noticed a seven-headed hydra
 15954 | Lair:1   | Killed a seven-headed hydra
 16748 | Lair:2   | Reached skill level 5 in Maces & Flails
 17021 | Lair:2   | Learned a level 4 spell: Flame Wave
 17157 | Lair:2   | Reached skill level 1 in Fire Magic
 17158 | Lair:2   | Reached skill level 2 in Fire Magic
 17229 | Lair:2   | Reached skill level 3 in Fire Magic
 17634 | Lair:2   | Reached skill level 4 in Fire Magic
 17828 | Lair:2   | Found a hole to the Spider Nest.
 17912 | Lair:3   | Noticed a seven-headed hydra
 17918 | Lair:3   | Killed a seven-headed hydra
 18087 | Lair:3   | Noticed a lindwurm
 18100 | Lair:3   | Killed a lindwurm
 18177 | Lair:3   | Reached XP level 12. HP: 100/101 MP: 10/28
 18363 | Lair:3   | Found a staircase to the Swamp.
 18370 | Lair:3   | Noticed a seven-headed hydra
 18377 | Lair:3   | Killed a seven-headed hydra
 18979 | Lair:4   | Noticed a four-headed hydra
 18985 | Lair:4   | Killed a four-headed hydra
 19089 | Lair:4   | Reached skill level 5 in Hexes
 19108 | Lair:4   | Found a staircase to the Slime Pits.
 19237 | Lair:4   | Noticed a four-headed hydra
 19401 | Lair:4   | Killed a four-headed hydra
 20052 | Lair:3   | Reached skill level 5 in Shields
 21008 | Lair:4   | Noticed a boulder beetle
 21017 | Lair:4   | Learned a level 4 spell: Leda's Liquefaction
 21036 | Lair:4   | Killed a boulder beetle
 21037 | Lair:4   | Reached skill level 1 in Long Blades
 21239 | Lair:4   | Noticed a catoblepas
 21252 | Lair:4   | Killed a catoblepas
 21418 | Lair:5   | Entered Level 5 of the Lair of Beasts
 21618 | Lair:5   | Noticed an eight-headed hydra
 21629 | Lair:5   | Killed an eight-headed hydra
 21630 | Lair:5   | Reached XP level 13. HP: 111/111 MP: 1/30
 22815 | Lair:5   | Reached skill level 10 in Dodging
 23325 | Lair:5   | Found a runed translucent gate.
 23325 | Lair:5   | Found a runed translucent gate.
 23325 | Lair:5   | Found a runed translucent gate.
 23327 | Lair:5   | Noticed Gibbon's ghost (journeyman DrIE)
 23874 | Lair:5   | Found a gateway to Hell.
 24627 | D:11     | Found Oryu's Demolitions Depot.
 24640 | D:11     | Bought a book of Fire for 704 gold pieces
 24656 | D:11     | Learned a level 5 spell: Fireball
 24773 | D:11     | Reached skill level 10 in Spellcasting
 25223 | D:11     | Found a staircase to the Orcish Mines.
 25231 | D:11     | Reached skill level 5 in Fire Magic
 25683 | D:11     | Noticed Erolcha
 25687 | D:11     | Killed Erolcha
 25860 | Orc:1    | Entered Level 1 of the Orcish Mines
 25874 | Orc:1    | Reached skill level 6 in Fire Magic
 25914 | Orc:1    | Noticed Josephine
 25939 | Orc:1    | Killed Josephine
 26230 | Orc:1    | Found Potoc's Jewellery Emporium.
 26518 | Orc:2    | Entered Level 2 of the Orcish Mines
 26842 | Orc:2    | Reached skill level 7 in Fire Magic
 27035 | Orc:2    | Reached XP level 14. HP: 100/118 MP: 19/32
 27471 | Orc:1    | Learned a level 5 spell: Yara's Violent Unravelling
 28014 | Orc:2    | Found Zeoj's Antique Weapon Shop.
 28157 | Orc:2    | Reached skill level 8 in Fire Magic
 28514 | Orc:2    | Found a staircase to the Elven Halls.
 28667 | Orc:2    | Found Cuhot's Armour Shop.
 28667 | Orc:2    | Found Heah's Weapon Shoppe.
 28669 | Orc:2    | Found Kyen's General Store.
 28671 | Orc:2    | Found Pyckuopp's Weapon Boutique.
 28682 | Orc:2    | Bought a potion of lignification for 51 gold pieces
 28963 | D:12     | Reached skill level 5 in Transmutations
 30616 | D:13     | Identified the +0 robe of Cheibriados's Approval {-Cast rF+
                  | rC+ rCorr}
 31471 | D:14     | Reached skill level 10 in Fighting
 32474 | D:14     | Found a gate to the Vaults.
 32714 | D:15     | Entered Level 15 of the Dungeon
 32746 | D:15     | Found a staircase to the Depths.
 32980 | D:15     | Reached XP level 15. HP: 126/126 MP: 26/35
 34125 | Spider:1 | Entered Level 1 of the Spider Nest
 34533 | Spider:1 | Reached skill level 9 in Fire Magic
 35110 | Spider:1 | Got the Monograph on Congregated Dark Magic
 35622 | Spider:2 | Reached skill level 10 in Conjurations
 36587 | Spider:2 | Reached skill level 10 in Fire Magic
 38453 | Spider:4 | Entered Level 4 of the Spider Nest
 38936 | Spider:4 | Reached XP level 16. HP: 81/136 MP: 18/36
 39146 | Spider:3 | Learned a level 6 spell: Starburst
 39594 | Spider:4 | Reached skill level 11 in Fire Magic
 41654 | Spider:4 | Identified the +9 quarterstaff of Ravage {vorpal, Str+3
                  | Int+3}
 41798 | Spider:4 | Got a gossamer rune of Zot
 41799 | Spider:4 | Identified the +1 pair of boots of the Amoeba {Int+2 Dex+3
                  | Stlth+}
 42028 | Swamp:1  | Entered Level 1 of the Swamp
 42118 | Swamp:1  | Noticed a tentacled monstrosity
 42135 | Swamp:1  | Killed a tentacled monstrosity
 42480 | D:4      | Bought a ring of flight for 227 gold pieces
 42777 | Swamp:1  | Found a runed translucent door.
 42778 | Swamp:1  | Noticed corgi's ghost (journeyman MiHu)
 43002 | Swamp:1  | Reached skill level 12 in Fire Magic
 43690 | Swamp:2  | Engulfed by a cloud of flame

Illustrated notes

Levels and vault maps discovered:
D:1:      ebering_trefoil_3fold, layout_basic, hellmonk_ecumenical_altar_blasted
D:2:      layout_loops_cross, basic_altar, nicolae_eternal_life
D:3:      minmay_angry_zag, layout_loops_ring, nicolae_uskayaw_en_pointe,
          uniq_jessica, uniq_ijyb
D:4:      layout_loops_ring, jmf_multi_god_temple, lemuel_crystal_altar,
          serial_shops, shop, nicolae_stop_n_shop_2, minivault_19,
          kennysheep_generic_room_3
D:5:      layout_basic, trog_butcher_becter, fedhas_ov_isle_minmay,
          minmay_temple_entry_offerings, nicolae_ossuary_entry_giza,
          kennysheep_nub, uniq_crazy_yiuf_cottage, uniq_eustachio
D:6:      layout_basic, cheibrodos_sewer_entry_sluice, serial_park_tiny_2
D:7:      layout_gridville, hangedman_ru_absence, dk_noncrumbling_4,
          uniq_menkaure
D:8:      layout_basic, erik_lair_dragon
D:9:      layout_roguey, gammafunk_ghost_arena
D:10:     wander_kiku_kobolds, layout_stronghold,
          nicolae_overflow_crystal_walls, mainiacjoe_overflow_boulevard,
          mainiacjoe_overflow_small_starburst, nicolae_wu_jian_wuxing_cycle,
          nicolae_dithmenos_through_a_glass_darkly, lemuel_crystal_altar,
          gammafunk_ghost_grave, uniq_maggie
D:11:     layout_irregular_city, kennysheep_orc_monster_closet_entryway,
          nicolae_blasting_shop, uniq_erolcha
D:12:     layout_basic
D:13:     layout_loops_ring
D:14:     layout_roguey, david_vaults_5, patterned_corridor
D:15:     grunt_enter_depths_giant_problem, layout_rooms,
          hangedman_decor_slide_cut
Lair:1:   layout_regular_city, nicolae_lair_liquid_snakes
Lair:2:   layout_regular_city, spider_nest_entry_funnel_web, basic_altar,
          serial_bayou_shore_a
Lair:3:   layout_regular_city, minmay_swamp_entry_worms
Lair:4:   layout_hall_layers, slime_entry_1
Lair:5:   evil_forest, layout_big_grid, gammafunk_ghost_hydra_chop
Swamp:1:  layout_basic_swamp, gammafunk_ghost_grave,
          nicolae_swamp_very_dense_foliage, infiniplex_staircase_pool_2
Swamp:2:  layout_basic_swamp, serial_swamp_ruin, evilmike_swamp_ruin_house_6,
          evilmike_swamp_ruin_house_2, evilmike_swamp_ruin_house_1, swamp_pool1,
          lemuel_altar_in_water, beargit_elvish_explorers
Spider:1: layout_chambers
Spider:2: layout_spider_delve
Spider:3: layout_cave_pods, guppyfry_hornet_nest
Spider:4: hellmonk_spider_rune_endless_swarm
Orc:1:    layout_caves, serial_shops, nicolae_shop_hallway_plus, uniq_josephine
Orc:2:    st_orc_rangers, layout_caves, serial_shops,
          nicolae_shop_advertising_works [nicolae_subvault_shop_adworks],
          nicolae_orc_damp_corner, nicolae_orc_rockfall

Skill      XL: |  1  2  3  4  5  6  7  8  9 10 11 12 13 14 15 16 |
---------------+-------------------------------------------------+-----
Earth Magic    | 3 4 5 6 |  6.0
Dodging        | 2 3 4 5 6 7 8 10 11 | 11.0
Stealth        | 2 |  2.0
Spellcasting   | 2 3 4 6 8 9 10 11 | 11.0
Conjurations   | 1 3 4 5 7 10 11 | 11.5
Fighting       | 2 3 4 5 6 7 9 10 11 | 11.0
Transmutations | 1 2 4 6 |  6.0
Shields        | 3 4 5 7 8 |  8.0
Hexes          | 2 4 5 6 7 |  7.0
Maces & Flails | 1 3 5 |  5.1
Armour         | 1 3 4 |  4.5
Translocations | 2 |  2.0
Evocations     | 1 3 |  3.0
Fire Magic     | 4 7 8 10 12 | 12.0
Long Blades    | 2 4 |  4.0

Action                   |  1- 3 |  4- 6 |  7- 9 | 10-12 | 13-15 | 16-18 || total
-------------------------+-------+-------+-------+-------+-------+-------++-------
Melee: Rapier            |       |    29 |     6 |     2 |       |       ||    37
       Mace              |       |     4 |   153 |    58 |    21 |     1 ||   237
       Whip              |       |       |       |   244 |   202 |    55 ||   501
       Kick              |       |       |       |    40 |       |       ||    40
       Headbutt          |       |       |       |    31 |       |       ||    31
       Long sword        |       |       |       |    23 |   239 |    17 ||   279
 Fire: Sling             |    33 |    34 |       |       |       |       ||    67
 Cast: Sandblast         |    30 |     2 |       |       |       |       ||    32
       Stone Arrow       |     6 |    58 |   152 |   238 |   460 |    89 ||  1003
       Wereblood         |       |       |     6 |    22 |    12 |     1 ||    41
       Tukima's Dance    |       |       |       |     6 |     4 |       ||    10
       Beastly Appendage |       |       |       |    10 |       |       ||    10
       Confusing Touch   |       |       |       |     8 |    17 |       ||    25
       Flame Wave        |       |       |       |     4 |    47 |     6 ||    57
       Leda's Liquefacti |       |       |       |     2 |    35 |     8 ||    45
       Fireball          |       |       |       |       |   153 |    53 ||   206
       Blink             |       |       |       |       |     2 |     1 ||     3
       Starburst         |       |       |       |       |       |    65 ||    65
Evoke: Wand              |       |     1 |     1 |     1 |     4 |     6 ||    13
  Use: Scroll            |       |     6 |     9 |    13 |    17 |     1 ||    46
       Potion            |       |     1 |     2 |     1 |     9 |     8 ||    21
 Stab: Invisible         |       |     1 |       |       |     1 |     5 ||     7
       Confused          |       |       |       |     3 |    15 |       ||    18
       Sleeping          |       |       |       |     1 |     1 |       ||     2
Armor: Robe              |     5 |    12 |    89 |   120 |   182 |    50 ||   458
Dodge: Dodged            |    13 |    32 |   228 |   257 |   496 |   149 ||  1175
Block: Buckler           |       |       |    56 |    60 |    18 |       ||   134
       Kite shield       |       |       |       |    50 |   519 |   181 ||   750
